 Dungeon Crawl Stone Soup version 0.27-a0-1612-gde56a17b89 (webtiles) character file.

Game seed: 8400921585133235423

496 kae the Cleaver (level 7, 0/63 HPs)
             Began as a Hill Orc Fighter on July 21, 2021.
             Slain by a lemure (5 damage)
             ... led by Pikel
             ... on level 3 of the Dungeon.
             The game lasted 00:02:43 (3922 turns).

kae the Cleaver (Hill Orc Fighter)                  Turns: 3922, Time: 00:02:43

Health: 0/63       AC: 12    Str: 21    XL:     7   Next: 15%
Magic:  7/7        EV:  7    Int:  8    God:
Gold:   161        SH:  9    Dex: 10    Spells: 6/6 levels left

rFire    . . .     SeeInvis .   a - +0 war axe
rCold    . . .     Faith    .   c - +0 kite shield
rNeg     . . .     Spirit   .   b - +0 scale mail
rPois    .         Reflect  .   (no helmet)
rElec    .         Harm     .   e - +1 cloak
rCorr    .         Rampage  .   (no gloves)
Will     .....                  g - +2 pair of boots
Stlth    ..........             (no amulet)
HPRegen  0.20/turn              (no ring)
MPRegen  0.10/turn              (no ring)

@: no status effects
A: no striking features
a: no special abilities


You were on level 3 of the Dungeon.
You visited 1 branch of the dungeon, and saw 4 of its levels.

You collected 161 gold pieces.

Inventory:

Hand Weapons
 a - a +0 war axe (weapon)
Armour
 b - a +0 scale mail (worn)
 c - a +0 kite shield (worn)
 e - a +1 cloak (worn)
 g - a +2 pair of boots (worn)
Jewellery
 j - a ring of wizardry
 k - an amulet of faith
Wands
 l - a wand of mindburst (8)
Scrolls
 d - 2 scrolls of identify
 h - a scroll of silence
 i - a scroll of noise
Potions
 m - a potion of curing
 n - 2 potions of brilliance
 o - a potion of degeneration


   Skills:
 + Level 6.1 Fighting
 * Level 8.3 Axes
 - Level 3.2 Armour
 - Level 3.2 Shields


You had 6 spell levels left.
You didn't know any spells.
Your spell library was empty.

Dungeon Overview and Level Annotations

Branches:
Dungeon (4/15)
 Temple: D:4-7

Altars:
Okawaru

Shops:
D:2 (

Annotations:
D:4 Ijyb, Pikel


Message History

Unknown command.
Unknown command.
You see here an iguana corpse.
There is a stone staircase leading up here.
Okay, then.
Okay, then.
Okay, then.
Found 20 gold pieces.
Pikel says, "Hell isn't that bad."
A quokka comes into view.
The quokka moves out of view.
Found a buckler.
There is an open door here.
There is an open door here.
You see here an iguana corpse.
There is a stone staircase leading up here.
The lemure hits you.
* * * LOW HITPOINT WARNING * * *
You climb upwards.
There is a stone staircase leading down here.
You hit the lemure.
The lemure is moderately wounded.
The lemure hits you but does no damage.
You hit the lemure.
The lemure is moderately wounded.
The lemure barely misses you. The lemure hits you but does no damage.
You closely miss the lemure.
The lemure is moderately wounded.
The lemure hits you but does no damage.
You hit the lemure but do no damage.
The lemure is moderately wounded.
The lemure hits you.
* * * LOW HITPOINT WARNING * * *
You barely miss the lemure.
The lemure is moderately wounded.
The lemure hits you but does no damage.
You slash the lemure!
The lemure is heavily wounded.
The lemure hits you but does no damage. The lemure hits you.
You die...

..####........###..............#
..............##...............#
ยง.........................######
.#......)[)....##.........#
.........[......#.........#
.........[..(.#.#.........#
.........######.#.........#
.......### #.............#
........#####.#.@5........#
.....#..........#.........#
................#.........#
#..###..........#.........# ...#
#..........##.......## ##.#
#..........###.....## #..#
############ #...### #.## #.#...#
..# #######.###.#


You could see a lemure.

Vanquished Creatures
  A lemure (D:4)
  A bullfrog (D:4)
  Blork the orc (D:4)
  A centaur skeleton (D:4)
  An orc priest (D:4)
  A jelly (D:4)
  2 iguanas (D:4)
  Robin (D:4)
  3 gnolls (D:3)
  8 adders
  An adder skeleton (D:4)
  2 worms (D:2)
  2 dart slugs (D:4)
  11 orcs
  6 ball pythons
  3 endoplasms
  4 giant cockroaches
  16 goblins
  8 hobgoblins
  3 jackals (D:4)
  A quokka (D:2)
  6 bats
  6 frilled lizards
  5 kobolds
  2 rats (D:1)
96 creatures vanquished.

Vanquished Creatures (others)
  A goblin (D:4)
1 creature vanquished.

Grand Total: 97 creatures vanquished

Notes
Turn   | Place    | Note
-------+----------+-------------------------------------------
     0 | D:1      | kae the Hill Orc Fighter began the quest for the Orb.
     0 | D:1      | Reached XP level 1. HP: 19/19 MP: 1/1
   210 | D:1      | Reached skill level 3 in Axes
   362 | D:1      | Reached XP level 2. HP: 26/27 MP: 2/2
  1006 | D:2      | Reached skill level 4 in Axes
  1058 | D:2      | You fall into a shaft and drop 1 floor!
  1067 | D:3      | Reached XP level 3. HP: 26/33 MP: 3/3
  1101 | D:3      | Reached XP level 4. HP: 12/41 MP: 4/4
  1103 | D:3      | Reached skill level 5 in Axes
  1405 | D:3      | Found an iron altar of Okawaru.
  2037 | D:2      | Reached XP level 5. HP: 41/47 MP: 5/5
  2132 | D:2      | Found Irefu's Weapon Shoppe.
  2346 | D:2      | Reached skill level 5 in Fighting
  2346 | D:2      | Reached skill level 6 in Axes
  2721 | D:4      | Noticed Pikel
  2721 | D:4      | Noticed a lemure
  2721 | D:4      | Noticed a lemure
  2722 | D:4      | Noticed a lemure
  2722 | D:4      | Noticed a lemure
  2723 | D:4      | Noticed an ogre
  2738 | D:4      | Reached XP level 6. HP: 35/56 MP: 6/6
  2871 | D:4      | Reached skill level 7 in Axes
  2875 | D:4      | Noticed Robin
  2894 | D:4      | Killed Robin
  3174 | D:4      | Noticed Blork the orc
  3186 | D:4      | Killed Blork the orc
  3197 | D:4      | Reached skill level 8 in Axes
  3197 | D:4      | Reached XP level 7. HP: 17/63 MP: 7/7
  3462 | D:4      | Noticed Ijyb
  3469 | D:4      | HP: 3/63 [acid (12)]
  3873 | D:4      | Paralysed by Pikel for 3 turns
  3880 | D:4      | Paralysed by Pikel for 4 turns
  3922 | D:3      | Slain by a lemure

Illustrated notes

Levels and vault maps discovered:
D:1:      kilobyte_arrival_exit_the_forest, layout_loops_corners
D:2:      layout_basic, serial_shops, nicolae_shop_stone,
          guppyfry_early_orc_mine
D:3:      layout_rooms, mainiacjoe_overflow_catwalk
D:4:      layout_basic, mainiacjoe_overflow_six_doors_small,
          mainiacjoe_overflow_alcove_4, serial_shops, shop, uniq_robin,
          uniq_blork_the_orc, uniq_pikel, uniq_ijyb

Skill      XL: |  1  2  3  4  5  6 |
---------------+-------------------+-----
Axes           | 3 4 5 6 8 |  8.3
Fighting       | 4 5 6 |  6.1
Armour         | |  3.2
Shields        | |  3.2

Action                   |  1- 3 |  4- 6 |  7- 9 || total
-------------------------+-------+-------+-------++-------
Melee: War axe           |    59 |   163 |    33 ||   255
  Use: Scroll            |     2 |     3 |     4 ||     9
       Potion            |     1 |       |       ||     1
Armor: Scale mail        |    23 |   122 |    25 ||   170
Dodge: Dodged            |    21 |    76 |    11 ||   108
Block: Kite shield       |    40 |   109 |    16 ||   165

Table legend: (Time is in decaauts)
 A = Elapsed time spent in this place.
 B = Non-inter-level travel time spent in this place.
 C = Inter-level travel time spent in this place.
 D = Time resting spent in this place.
 E = Time spent auto-exploring this place.
 F = Levels seen in this place.
 G = Mean time per level.
                   A        B        C        D        E       F      G
               +--------+--------+--------+--------+--------+-----+--------+
         Total |   4042 |   3834 |    208 |   1013 |   2158 |   4 | 1010.5 |
       Dungeon |   4042 |   3834 |    208 |   1013 |   2158 |   4 | 1010.5 |
               +--------+--------+--------+--------+--------+-----+--------+

Top non-repeatable levels by time:
     D:4: 1213 daAuts
     D:2: 1059 daAuts
     D:1: 1016 daAuts
     D:3: 754 daAuts
